 Dungeon Crawl Stone Soup version 0.31-a0-267-g3fc6992b3b (webtiles) character file.

Game seed: 3153959755125951397

184 qw the Shooter (level 5, -12/30 HPs)
             Began as a Gargoyle Hexslinger on July 13, 2023.
             Mangled by Menkaure (14 damage)
             ... on level 4 of the Dungeon.
             The game lasted 00:00:46 (2472 turns).

qw the Shooter (Gargoyle Hexslinger)                Turns: 2472, Time: 00:00:46

Health: -12/30     AC: 10    Str: 17    XL:     5   Next: 63%
Magic:  6/6        EV: 11    Int: 14    God:
Gold:   183        SH:  0    Dex: 14    Spells: 5/6 levels left

rFire   + . .        Y - +1 sling (freeze)
rCold   + . .        (no shield)
rNeg    + . .        h - +0 ring mail
rPois   inf          g - +0 helmet
rElec   +            k - scarf {rC+ rF+}
rCorr   .            (no gloves)
SInv    .            (no boots)
Will    .....        (no amulet)
Stlth   +            d - +6 ring of strength
HPRegen 0.25/turn    (no ring)
MPRegen 0.10/turn

%: no passive effects
@: no status effects
A: sickness immunity, AC +4, negative energy resistance 1, electricity
resistance, torment resistance 1, petrification resistance
a: no special abilities


You were on level 4 of the Dungeon.
You visited 1 branch of the dungeon, and saw 4 of its levels.

You collected 183 gold pieces.


Innate Abilities, Weirdness & Mutations

You are immune to sickness and miasma.
Your stone body is resilient. (AC +4)
You are immune to poison.
You resist negative energy. (rN+)
You are resistant to electric shocks. (rElec)
You are resistant to unholy torment.
You are immune to petrification.


   Skills:
 + Level 2.2 Fighting
 - Level 5.1 Ranged Weapons
 - Level 1.0 Armour
 - Level 1.5 Dodging
 - Level 1.0 Spellcasting
 - Level 2.6 Hexes


You had 5 spell levels left.
You knew the following spells:

 Your Spells              Type           Power      Damage    Failure   Level
a - Slow                  Hex            32%        N/A       16%         1

Your spell library contained the following spells:

 Spells                   Type           Power      Damage    Failure   Level
 Inner Flame              Hex/Fire       4%         N/A       63%         3
 Portal Projectile        Hex/Tloc       8%         N/A       63%         3
 Cause Fear               Hex            4%         N/A       85%         4

Inventory:

Hand Weapons
 Y - a +1 sling of freezing (weapon)
Armour
 g - a +0 helmet (worn)
 h - a +0 ring mail (worn)
 k - a scarf of resistance (worn)
Jewellery
 d - a +6 ring of strength (left hand)
Potions
 a - a potion of degeneration {unknown}
 b - a potion of invisibility {unknown}
 c - a potion of haste {unknown}
 e - a potion of cancellation {unknown}
 i - a potion of attraction {unknown}
 j - 3 potions of curing

Dungeon Overview and Level Annotations

Branches:
Dungeon (4/15)
 Temple: D:4-7

Altars:
Fedhas
Kikubaaqudgha
Nemelex Xobeh

Shops:
D:1 !   D:2 [

Annotations:
D:3 3 runed translucent doors, qw's ghost, amateur MiHs
D:4 Menkaure


Message History

Menkaure casts a spell.
Menkaure seems to speed up.
A jackal comes into view.
The adder barely misses you.
You shoot a sling bullet.
The sling bullet closely misses the adder.
Menkaure hits you but does no damage. Menkaure barely misses you.
The adder bites you but does no damage.
You shoot a sling bullet.
The sling bullet hits the adder but does no damage.
The adder is almost dead.
A jackal comes into view.
The kobold closely misses you. Menkaure hits you!!
Ouch! That really hurt!
The adder bites you but does no damage.
You shoot a sling bullet.
The sling bullet barely misses the adder.
The jackal barks!
You hear a bark!
The adder is no longer moving slowly.
The kobold hits you but does no damage. Menkaure closely misses you.
A jackal comes into view.
The adder closely misses you. The kobold barely misses you.
You shoot a sling bullet. The jackal barks!
The sling bullet hits the adder.
The sling bullet freezes the adder.
You kill the adder!
Menkaure closely misses you. Menkaure misses you.
The kobold hits you but does no damage.
You shoot a sling bullet.
The sling bullet hits Menkaure but does no damage.
Menkaure hits you.
The kobold hits you with a +0 short sword.
2471 ||| Stepping ~*~*~tactically~*~*~ (outnumbered).
Menkaure attacks as you move away! Menkaure hits you.
Menkaure barely misses you.
You shoot a sling bullet.
The sling bullet barely misses Menkaure.
Menkaure hits you!
You die...

... ... K....
#.# .#.. #.#
... .<. #.#
..## .... #.#
h..
.....##.##h#
.......@#..#
....#...Mh###
. #.......#
..#
#..####.####
#.# #..
#....#####
#.. ..[#
####.....#
#.. ..#.
#####.# #..
####. #.###..
#......


You could see Menkaure (fast) and a jackal.

Vanquished Creatures
  A scorpion (D:3)
  Jessica (D:3)
  An orc wizard (D:3)
  3 adders
  2 worms
  4 orcs (D:3)
  3 bats
  2 endoplasms
  A giant cockroach (D:3)
  A goblin (D:1)
  6 hobgoblins
  2 jackals (D:3)
  A kobold (D:2)
  2 quokkas
  3 frilled lizards
  3 rats
36 creatures vanquished.

Notes
Turn   | Place    | Note
-------+----------+-------------------------------------------
     0 | D:1      | qw the Gargoyle Hexslinger began the quest for the Orb.
     0 | D:1      | Reached XP level 1. HP: 12/12 MP: 2/2
     0 | D:1      | 0 ||| qw: Version: 0.3-a-52-g30416fa
     0 | D:1      | 0 ||| qw: Game counter: 7784
     0 | D:1      | 0 ||| qw: Melee chars always use a shield: true
     0 | D:1      | 0 ||| qw: God list: Okawaru
     0 | D:1      | 0 ||| qw: Allow faded altars: false
     0 | D:1      | 0 ||| qw: Do Orc after clearing Dungeon:15 true
     0 | D:1      | 0 ||| qw: Do second Lair branch before Depths: true
     0 | D:1      | 0 ||| qw: Lair rune preference: random
     0 | D:1      | 0 ||| qw: Goals: Normal
     0 | D:1      | 0 ||| PLANNING D:1-11
   300 | D:1      | Reached XP level 2. HP: 16/16 MP: 3/3
   571 | D:1      | Found Isoenagg's Distillery.
   580 | D:1      | 580 ||| SHOPLISTING potion of haste (130 gold, have 21).
   580 | D:1      | 580 ||| SHOPLISTING potion of heal wounds (65 gold, have
                  | 21).
   671 | D:1      | 671 ||| UPGRADING to +0 ring mail.
   681 | D:1      | 681 ||| DROPPING +0 robe.
   682 | D:1      | 682 ||| UPGRADING to +6 ring of strength.
   683 | D:1      | 683 ||| READING scroll labelled EQAWEIR IGAM.
   684 | D:1      | 684 ||| READING scroll labelled MUB JOSCHIYH.
   785 | D:1      | 785 ||| READING 2 scrolls labelled COUDEWEVVA.
   786 | D:1      | 786 ||| DROPPING scroll of poison.
   787 | D:1      | 787 ||| DROPPING scroll of noise.
   938 | D:2      | Reached skill level 3 in Ranged Weapons
   993 | D:2      | Reached XP level 3. HP: 18/21 MP: 4/4
  1494 | D:2      | Found Genuc's Armour Shop.
  1629 | D:2      | 1629 ||| UPGRADING to +0 helmet.
  1634 | D:2      | 1634 ||| READING 3 scrolls labelled SAWKIGAUWE.
  1635 | D:2      | 1635 ||| READING scroll labelled RAUGHI YSI DEPT.
  1636 | D:2      | 1636 ||| READING scroll labelled OCERGH POAMEO.
  1637 | D:2      | 1637 ||| READING scroll labelled QITUXK PEVU.
  1638 | D:2      | 1638 ||| DROPPING 2 scrolls of amnesia.
  1679 | D:3      | Found a runed translucent gate.
  1680 | D:3      | Found a runed translucent gate.
  1681 | D:3      | Found a runed translucent gate.
  1682 | D:3      | Noticed qw's ghost (amateur MiHs)
  1714 | D:3      | Reached skill level 4 in Ranged Weapons
  1714 | D:3      | Reached XP level 4. HP: 23/26 MP: 5/5
  1714 | D:3      | 1714 ||| FLEEEEING.
  1837 | D:3      | Reached skill level 1 in Armour
  1841 | D:3      | 1841 ||| READING scroll of brand weapon.
  1841 | D:3      | 1841 ||| BRANDING +1 sling of flaming.
  1844 | D:3      | Found a sparkling altar of Nemelex Xobeh.
  1850 | D:3      | Noticed a scorpion
  1867 | D:3      | Killed a scorpion
  1868 | D:3      | Reached XP level 5. HP: 16/30 MP: 6/6
  1965 | D:3      | Found an ancient bone altar of Kikubaaqudgha.
  1968 | D:3      | Found a blossoming altar of Fedhas.
  2002 | D:3      | Noticed Jessica
  2004 | D:3      | Killed Jessica
  2005 | D:3      | Reached skill level 5 in Ranged Weapons
  2154 | D:3      | Found a faded altar of an unknown god.
  2370 | D:3      | 2370 ||| UPGRADING to scarf of resistance.
  2375 | D:3      | 2375 ||| READING scroll labelled UGAEXT UDIOM.
  2376 | D:3      | 2376 ||| READING scroll labelled RABEIQ LITIT.
  2398 | D:3      | 2398 ||| DRINKING 4 grey potions.
  2458 | D:4      | Noticed Menkaure
  2459 | D:4      | 2459 ||| Stepping ~*~*~tactically~*~*~ (outnumbered).
  2470 | D:4      | HP: 6/30 [Menkaure (4)]
  2471 | D:4      | 2471 ||| Stepping ~*~*~tactically~*~*~ (outnumbered).
  2471 | D:4      | HP: 2/30 [Menkaure (2)]
  2472 | D:4      | Mangled by Menkaure

Levels and vault maps discovered:
D:1:      amcnicky_arrival_choice, layout_loops_ring, serial_shops, shop,
          minmay_misc_feat_rugged
D:2:      layout_basic, serial_shops, shop
D:3:      wander_river, layout_loops_ring,
          grunt_temple_overflow_growth_and_decay,
          mainiacjoe_overflow_tiny_flanked,
          shapermc_ecumenical_altar_mp_ritualfount, gammafunk_ghost_necromancy,
          uniq_jessica
D:4:      layout_rooms, fiery_altar_vehumet, amcnicky_altar_gilded,
          uniq_sigmund, uniq_edmund, uniq_menkaure

Skill      XL: |  1  2  3  4  5 |
---------------+----------------+-----
Ranged Weapons | 3 4 5 |  5.1
Fighting       | 2 |  2.2
Armour         | 1 |  1.0
Dodging        | |  1.5
Spellcasting   | |  1.0
Hexes          | |  2.6

Action                     |  1- 3 |  4- 6 || total
---------------------------+-------+-------++-------
   Fire: Sling             |   107 |    58 ||   165
    Use: Scroll            |     7 |     3 ||    10
         Potion            |       |     1 ||     1
 Armour: Robe              |     2 |       ||     2
         Ring mail         |    29 |    20 ||    49
  Dodge: Dodged            |    41 |    21 ||    62

Table legend:
 A = Non-vault XP
 B = Vault XP
 C = Vault XP percentage of total XP
 D = Non-vault monster count
 E = Vault monster count
 F = Vault count percentage of total count
                 A         B        C        D         E       F
            +---------+---------+-------+---------+---------+-------
      Total |     226 |      37 |  14.1 |      35 |       1 |   2.8
            +---------+---------+-------+---------+---------+-------
        D:1 |      15 |       0 |   0.0 |       9 |       0 |   0.0
        D:2 |      45 |       0 |   0.0 |      10 |       0 |   0.0
        D:3 |     153 |      37 |  19.5 |      15 |       1 |   6.2
        D:4 |      13 |       0 |   0.0 |       1 |       0 |   0.0
            +---------+---------+-------+---------+---------+-------
